 Dungeon Crawl Stone Soup version 0.22-a0-307-g2b15929 (webtiles) character file.

114440 mortelune the Nimble (level 16, -3/157 HPs)
             Began as a Deep Dwarf Necromancer on Apr 1, 2018.
             Was a High Priest of Makhleb.
             Slain by a six-headed hydra simulacrum (16 damage)
             ... in an ice cave.
             The game lasted 02:19:05 (38005 turns).

mortelune the Nimble (Deep Dwarf Necromancer)      Turns: 38005, Time: 02:19:06

Health: -3/157     AC: 14    Str: 14    XL:     16   Next: 16%
Magic:  17/17      EV: 21    Int: 21    God:    Makhleb [*****.]
Gold:   544        SH: 18    Dex: 25    Spells: 16/25 levels left

rFire    + . .     SeeInvis +   i - +1 eveningstar (flame)
rCold    + . .     Gourm    .   L - +5 shield of the Many Spreadsheets {rElec MR- Dex+9}
rNeg     + . .     Faith    .   I - +0 scale mail of Hedging {Dex+3} (curse)
rPois    +         Spirit   .   M - +0 mask of the Dragon {MR+ Slay+3 SInv}
rElec    +         Reflect  .   X - scarf {repulsion}
rCorr    +         Harm     .   u - +1 pair of gloves
MR       +++..                  N - +2 pair of boots {Stlth+}
Stlth    +++.......             (no amulet)
HPRegen  0.00/turn              A - +2 ring of evasion
MPRegen  0.15/turn              O - ring of protection from magic

@: resistant, non-regenerating, slowed, repel missiles, very slow
A: damage resistance, heal wounds, negative energy resistance 1, sense
surroundings 2, no regeneration
a: Heal Wounds, Minor Destruction, Lesser Servant of Makhleb, Major Destruction,
Greater Servant of Makhleb, Renounce Religion


You were in an ice cave.
You worshipped Makhleb.
Makhleb was extremely pleased with you.
You were not hungry.

You visited 5 branches of the dungeon, and saw 28 of its levels.
You also visited: Labyrinth and Ice Cave.

You collected 2539 gold pieces.
You spent 1995 gold pieces at shops.

Inventory:

Hand Weapons
 a - a +3 battleaxe
 i - a +1 eveningstar of flaming (weapon)
 r - the +11 quarterstaff "Sipoum" {flame, *Noise rF+ MR+ Str+3}
   (You found it in a labyrinth)

   It has been specially enchanted to burn those struck by it, causing extra
   injury to most foes and up to half again as much damage against particularly
   susceptible opponents.
   It affects your strength (+3).
   It protects you from fire.
   It affects your resistance to hostile enchantments.
   It may make noises in combat.
 x - a +1 eveningstar of venom
 W - the +10 falchion of Cheibriados's Fury {vamp, +Fly rC- Int+6}
   (You found it on level 11 of the Dungeon)

   It inflicts no extra harm, but heals its wielder when it wounds a living foe.
   It affects your intelligence (+6).
   It makes you vulnerable to cold.
   It lets you fly.
Missiles
 o - 3 throwing nets (quivered)
 R - 6 tomahawks of dispersal
Armour
 b - +0 swamp dragon scales
 u - a +1 pair of gloves (worn)
 I - the cursed +0 scale mail of Hedging (worn) {Dex+3}
   (You found it on level 4 of the Snake Pit)

   It affects your dexterity (+3).
   It has a curse placed upon it.
 L - the +5 shield of the Many Spreadsheets (worn) {rElec MR- Dex+9}
   (You bought it in a shop on level 2 of the Orcish Mines)

   It affects your dexterity (+9).
   It insulates you from electricity.
   It affects your resistance to hostile enchantments.
 M - the +0 mask of the Dragon (worn) {MR+ Slay+3 SInv}
   (You bought it in a shop on level 2 of the Orcish Mines)

   It affects your accuracy and damage with ranged weapons and melee attacks
   (+3).
   It affects your resistance to hostile enchantments.
   It lets you see invisible.
 N - a +2 pair of boots of stealth (worn)
 X - a scarf of repulsion (worn)
Jewellery
 A - a +2 ring of evasion (left hand)
 F - an uncursed ring of fire
 H - an uncursed ring of positive energy
 O - a ring of protection from magic (right hand)
Wands
 d - a wand of flame (7)
 q - a wand of iceblast (13)
 w - a wand of acid (41)
 K - a wand of enslavement (30)
 Q - a wand of paralysis (21)
 S - a wand of polymorph (8)
 V - a wand of clouds (8)
 Y - a wand of digging (3)
Scrolls
 f - 2 scrolls of remove curse
 h - 3 scrolls of magic mapping
 k - 3 scrolls of brand weapon
 l - a scroll of holy word
 s - 12 scrolls of teleportation
 t - a scroll of acquirement {unknown}
 v - 2 scrolls of enchant weapon
 y - 4 scrolls of identify
 B - 2 scrolls of enchant armour
 D - 3 scrolls of amnesia
 J - 3 scrolls of fear
 P - 4 scrolls of immolation
Potions
 e - 2 potions of flight
 g - a potion of heal wounds
 j - 2 potions of cancellation
 m - 5 potions of agility
 n - a potion of lignification
 p - 4 potions of haste
 C - 3 potions of might
 E - 3 potions of mutation
 T - 5 potions of brilliance
 U - 2 potions of berserk rage
 Z - 4 potions of curing
Comestibles
 c - 10 rations


   Skills:
 + Level 13.2 Fighting
 + Level 11.2 Long Blades
 - Level 7.7(8.5) Axes
 - Level 4.7(6.5) Maces & Flails
 + Level 8.6 Armour
 - Level 13.3 Dodging
 - Level 5.5 Stealth
 * Level 10.6 Shields
 - Level 5.1 Spellcasting
 - Level 7.0 Necromancy
 - Level 13.0 Invocations


You had 16 spell levels left.
You knew the following spells:

 Your Spells              Type           Power        Failure   Level  Hunger
a - Pain                  Necr           ####         3%          1    None
b - Animate Skeleton      Necr           N/A          3%          1    None
c - Vampiric Draining     Necr           ####......   11%         3    ##.....
d - Animate Dead          Necr           N/A          34%         4    ####...


Dungeon Overview and Level Annotations

Branches:
Dungeon (15/15)            Temple (1/1) D:5            Lair (6/6) D:10
 Shoals (0/4) Lair:3        Snake (4/4) Lair:4          Orc (2/2) D:12
    Elf (0/3) Orc:2        Vaults (0/5) D:14         Depths (0/5) D:15
  Slime: Lair:5-6

Altars:
Cheibriados
Dithmenos
Elyvilon
Fedhas
Gozag
Hepliaklqana
Makhleb
Nemelex Xobeh
Okawaru
Qazlal
Ru
Trog
Uskayaw
Vehumet
Wu Jian
Xom
Yredelemnul
Zin
The Shining One

Shops:
D:14 *   D:15 (   Orc:2 *[*[   Snake:1 }==   Snake:3 }!

Portals:
Trove: D:13 (give +5 fire dragon scales)

Annotations:
Lair:5 exclusion: 2 oklob plants
Lair:6 exclusion: oklob plant


Innate Abilities, Weirdness & Mutations

You are resistant to damage.
You can heal yourself by infusing magical energy.
You resist negative energy. (rN+)
You passively map the area around you.
You do not regenerate.


Message History

The six-headed hydra simulacrum barely misses you.
You block the six-headed hydra simulacrum's attack.
The six-headed hydra simulacrum completely misses you.
The six-headed hydra simulacrum bites you!
* * * LOW HITPOINT WARNING * * *
The six-headed hydra simulacrum freezes you!
You resist.
* * * LOW HITPOINT WARNING * * *
You block the six-headed hydra simulacrum's attack.
The freezing wraith hits you but does no damage.
The freezing wraith misses you. You block the freezing wraith's attack.
The freezing wraith hits you but does no damage.
The six-headed hydra simulacrum bites you but does no damage.
You block the six-headed hydra simulacrum's attack. x2
The six-headed hydra simulacrum bites you but does no damage.
The six-headed hydra simulacrum misses you.
The six-headed hydra simulacrum bites you.
The six-headed hydra simulacrum freezes you!
You resist.
You die...

* * , * ** * ≈ ≈ ,,*
,* * , ≈ * * * *, ,* ≈
, * , * * ** ###* * ≈
*##.##* * ≈ ##...## ≈
### ##§.≈.Z### *
####.###.§#§#@W5#
###........###.#W....#
#..∩.....###..###...##
#.∩....#.###$#. **####
#..####### # $ ###* "#
* ##


You could see 2 freezing wraiths, a white imp and a six-headed hydra simulacrum.

Vanquished Creatures
  Frances (D:14)
  2 nagarajas (Snake:3)
  A minotaur (Lab)
  6 naga warriors
  2 vault guards (D:14)
  3 hydras
  4 centaur warriors
  2 catoblepae
  5 anacondas
  3 death yaks
  Erica (D:9)
  10 two-headed ogres
  A deep troll shaman (Lair:6)
  An ogre mage (D:14)
  2 shock serpents (Snake:3)
  3 naga sharpshooters
  A naga ritualist (Snake:1)
  A skeletal warrior (D:15)
  2 unseen horrors
  2 swamp dragons (Lair:4)
  A deep elf archer (D:14)
  A tengu zombie (D:15)
  5 orc knights
  A lindwurm (Lair:6)
  7 ugly things
  A mana viper (Snake:1)
  A stone giant zombie (D:15)
  7 salamanders
  2 orc sorcerers (Orc:2)
  3 cyclopes
  2 manticores
  Joseph (D:10)
  6 elephants
  10 naga magi
  22 black mambas
  6 guardian serpents
  2 gargoyles (D:13)
  4 centaur skeletons
  6 spiny frogs
  A rime drake (Lair:5)
  4 kobold demonologists (D:15)
  4 komodo dragons
  A guardian mummy (D:15)
  A yaktaur (D:14)
  An efreet (D:14)
  5 trolls
  A merfolk (D:9)
  A merfolk (shapeshifter) (D:13)
  A polar bear (shapeshifter) (D:12)
  3 blink frogs (Lair:5)
  A hornet (D:15)
  A polar bear (Lair:6)
  A slime creature (Lair:4)
  6 dream sheep
  A deep troll zombie (D:15)
  5 hippogriffs
  38 yaks
  3 wraiths
  7 wyverns
  A steam dragon (D:12)
  3 vampire mosquitoes (D:15)
  4 basilisks
  2 hungry ghosts
  23 nagas
  A warg (Orc:2)
  A swamp worm (Lair:4)
  A harpy simulacrum (IceCv)
  11 water moccasins
  18 orc warriors
  2 eyes of draining
  2 black bears
  A phantom (D:7)
  5 porcupines
  3 sky beasts
  2 hornet zombies
  5 wolves (Lair:6)
  4 ice beasts
  8 ogres
  15 centaurs
  13 crocodiles
  18 bullfrogs
  3 big kobolds
  A wyvern zombie (D:12)
  2 wyvern skeletons
  4 scorpions
  8 killer bees
  14 wights
  6 crimson imps
  2 howler monkeys
  A bullfrog zombie (D:12)
  A quasit (D:10)
  3 centaur zombies
  3 hounds
  13 orc priests
  4 jellies
  20 orc wizards
  3 iguanas
  12 worker ants
  2 hell rats (Lair:6)
  A centaur simulacrum (IceCv)
  A hound zombie (D:8)
  14 adders
  4 shadow imps
  A white imp (IceCv)
  An ufetubus (IceCv)
  2 oozes
  2 adder skeletons (D:4)
  A worm (D:2)
  A dart slug (D:1)
  3 leopard geckos
  72 orcs
  5 giant cockroaches
  7 goblins
  7 hobgoblins
  16 jackals
  15 kobolds
  4 quokkas
  4 ball pythons
  8 bats
  9 frilled lizards
  6 rats
656 creatures vanquished.

Vanquished Creatures (collateral kills)
  Donald (Snake:2)
  Louise (D:14)
  An ogre mage (D:15)
  A vault guard (D:14)
  4 naga warriors
  3 hydras
  An anaconda (Snake:3)
  A death yak (Lair:6)
  2 two-headed ogres
  4 naga sharpshooters
  3 orc high priests (Orc:2)
  A shock serpent (Snake:2)
  Nergalle (Lair:4)
  A swamp dragon (Lair:4)
  A death drake (shapeshifter) (D:14)
  A flayed ghost (D:15)
  A wizard (D:14)
  A necromancer (D:15)
  2 orc knights
  A salamander (Snake:4)
  An orc sorcerer (Orc:2)
  6 elephants
  A guardian serpent (Snake:3)
  3 naga magi (Snake:3)
  2 black mambas (Snake:3)
  2 spiny frogs
  A rime drake (Lair:6)
  3 komodo dragons
  A polar bear (Lair:2)
  2 hippogriffs
  A blink frog (Lair:5)
  A dream sheep (Lair:6)
  A fire dragon skeleton (D:15)
  8 yaks
  A spriggan (Lair:5)
  A wyvern (D:13)
  A vampire mosquito (D:15)
  2 wargs (Orc:1)
  8 nagas
  A soldier ant (D:13)
  2 swamp worms (Lair:4)
  A porcupine (Lair:6)
  An ice beast (D:12)
  4 orc warriors
  An ogre (Orc:1)
  A phantom (D:9)
  7 wolves
  A centaur (D:14)
  3 crocodiles
  A big kobold (D:8)
  3 bullfrogs
  A wyvern skeleton (D:11)
  A wight (D:6)
  A jelly (D:9)
  2 orc priests
  A bullfrog skeleton (D:5)
  3 worker ants
  5 hell rats (Lair:6)
  An ogre simulacrum (IceCv)
  A white imp (IceCv)
  An adder skeleton (D:4)
  2 worms
  3 orcs
  A kobold (D:8)
  A goblin (D:1)
  6 fungi
  6 plants (Lair:6)
140 creatures vanquished.

Vanquished Creatures (others)
  A centaur (D:14)
  A white imp (IceCv)
  An ufetubus (IceCv)
  An orc (D:12)
  A quokka (D:11)
  13 fungi
  7 plants
25 creatures vanquished.

Grand Total: 821 creatures vanquished

Notes
Turn   | Place    | Note
-------+----------+-------------------------------------------
     0 | D:1      | mortelune the Deep Dwarf Necromancer began the quest for the Orb.
     0 | D:1      | Reached XP level 1. HP: 15/15 MP: 3/3
     2 | D:1      | Learned a level 1 spell: Animate Skeleton
   206 | D:1      | Reached XP level 2. HP: 19/22 MP: 0/5
   757 | D:1      | Reached XP level 3. HP: 24/28 MP: 2/6
   762 | D:1      | Learned a level 3 spell: Vampiric Draining
  1299 | D:2      | Reached skill level 5 in Necromancy
  1742 | D:2      | Reached XP level 4. HP: 31/36 MP: 5/7
  1766 | D:2      | Found a bloodstained altar of Trog.
  3426 | D:4      | Reached XP level 5. HP: 35/42 MP: 1/9
  3432 | D:4      | Learned a level 4 spell: Animate Dead
  4559 | D:4      | Reached XP level 6. HP: 39/49 MP: 11/11
  4822 | D:5      | Entered Level 5 of the Dungeon
  5296 | D:5      | Found a faded altar of an unknown god.
  5298 | D:5      | Found a staircase to the Ecumenical Temple.
  5420 | Temple   | Entered the Ecumenical Temple
  5474 | Temple   | Became a worshipper of Makhleb the Destroyer
  5700 | D:6      | Noticed a sky beast
  5712 | D:6      | Killed a sky beast
  5712 | D:6      | Reached skill level 1 in Maces & Flails
  5858 | D:6      | Reached skill level 1 in Fighting
  5905 | D:6      | Reached XP level 7. HP: 43/57 MP: 1/12
  6044 | D:6      | Reached skill level 5 in Dodging
  7099 | D:6      | Found the +2 hat of the Bear Spirit {Spirit, +Rage rN+ MR++}
  7818 | D:7      | Found a stormy altar of Qazlal.
  7910 | D:7      | Reached XP level 8. HP: 10/68 MP: 13/13
  9211 | D:8      | Reached * piety under Makhleb
  9435 | D:8      | Reached skill level 5 in Spellcasting
 10066 | D:8      | Found a hazy altar of Hepliaklqana.
 10165 | D:8      | Gained mutation: You passively map the area around you. [Deep Dwarf growth]
 10165 | D:8      | Reached XP level 9. HP: 56/78 MP: 1/15
 10589 | D:9      | Reached skill level 1 in Axes
 10905 | D:9      | Paralysed by fainting for 12 turns
 11186 | D:9      | Reached ** piety under Makhleb
 11346 | D:9      | Reached skill level 5 in Fighting
 11748 | D:9      | Noticed a merfolk
 11771 | D:9      | Killed a merfolk
 11771 | D:9      | Reached skill level 5 in Stealth
 11835 | D:9      | You fall through a shaft!
 11835 | D:10     | Entered Level 10 of the Dungeon
 11855 | D:10     | Noticed a troll
 12084 | D:9      | Noticed Erica
 12498 | D:9      | Reached skill level 1 in Invocations
 12509 | D:9      | Reached XP level 10. HP: 78/91 MP: 3/16
 12523 | D:9      | Killed Erica
 12646 | D:10     | Found a blossoming altar of Fedhas.
 12680 | D:10     | Reached skill level 5 in Axes
 12683 | D:10     | Noticed a two-headed ogre
 12692 | D:10     | Killed a two-headed ogre
 12812 | D:10     | Noticed Joseph
 12834 | D:10     | Killed Joseph
 12941 | D:10     | Reached skill level 5 in Invocations
 13339 | D:10     | Noticed a two-headed ogre
 13353 | D:10     | HP: 2/94 [two-headed ogre/giant club (22)]
 13363 | D:10     | Killed a two-headed ogre
 13363 | D:10     | Reached XP level 11. HP: 36/100 MP: 0/17
 13480 | D:10     | Found a staircase to the Lair.
 14349 | D:11     | Noticed a two-headed ogre
 14357 | D:11     | Killed a two-headed ogre
 14357 | D:11     | Reached skill level 10 in Dodging
 14947 | D:11     | Reached *** piety under Makhleb
 15012 | D:11     | Got a crude falchion
 15013 | D:11     | Identified the +10 falchion of Cheibriados's Fury {vamp, +Fly rC- Int+6} (You found it on level 11 of the Dungeon)
 15088 | D:11     | Noticed a two-headed ogre
 15097 | D:11     | Killed a two-headed ogre
 15221 | D:11     | Found a white marble altar of Elyvilon.
 15543 | Lair:1   | Entered Level 1 of the Lair of Beasts
 16704 | Lair:1   | Reached skill level 1 in Long Blades
 17759 | Lair:3   | Found a staircase to the Shoals.
 17769 | Lair:3   | Reached **** piety under Makhleb
 17872 | Lair:3   | Reached XP level 12. HP: 93/112 MP: 13/18
 18641 | Lair:4   | Noticed Nergalle
 18657 | Lair:4   | Killed Nergalle
 19013 | Lair:4   | Noticed a seven-headed hydra
 19018 | Lair:4   | Noticed a five-headed hydra
 19265 | Lair:4   | Killed a five-headed hydra
 19660 | Lair:4   | Found a staircase to the Snake Pit.
 19696 | Lair:4   | Reached skill level 10 in Invocations
 20277 | Lair:3   | Reached skill level 5 in Long Blades
 20543 | Lair:4   | Killed a seven-headed hydra
 21853 | Lair:5   | Noticed a four-headed hydra
 21863 | Lair:5   | Killed a four-headed hydra
 23085 | Lair:6   | Entered Level 6 of the Lair of Beasts
 23096 | Lair:6   | Reached XP level 13. HP: 69/123 MP: 5/19
 23654 | Lair:6   | Reached skill level 10 in Fighting
 24144 | Lair:6   | Got a tattered robe
 25235 | Lair:6   | Identified the +2 robe "Esanog" {Str+2} (You found it on level 6 of the Lair of Beasts)
 26130 | D:12     | Found a sacrificial altar of Ru.
 26219 | D:12     | Found a staircase to the Orcish Mines.
 27414 | D:13     | Reached skill level 1 in Armour
 27578 | D:13     | Gained mutation: You resist negative energy. (rN+) [Deep Dwarf growth]
 27578 | D:13     | Reached XP level 14. HP: 98/135 MP: 5/19
 27798 | D:13     | Reached ***** piety under Makhleb
 28448 | D:13     | Found a portal to a secret trove of treasure.
 28577 | Orc:1    | Entered Level 1 of the Orcish Mines
 29130 | Orc:2    | Entered Level 2 of the Orcish Mines
 29148 | Orc:2    | Found a labyrinth entrance.
 29157 | Lab      | Entered a labyrinth
 30848 | Lab      | Got an encrusted quarterstaff
 30850 | Lab      | Identified the +11 quarterstaff "Sipoum" {flame, *Noise rF+ MR+ Str+3} (You found it in a labyrinth)
 30905 | Orc:2    | Found a staircase to the Elven Halls.
 32175 | Orc:2    | Found Idghourch's Antique Armour Emporium.
 32175 | Orc:2    | Found Vicw's Assorted Antiques.
 32184 | Orc:2    | Found Raetanto's Armour Emporium.
 32184 | Orc:2    | Found Emizik's General Store.
 32193 | Orc:2    | Bought a scroll of teleportation for 105 gold pieces
 32193 | Orc:2    | Bought a potion of heal wounds for 175 gold pieces
 32193 | Orc:2    | Bought a scroll labeled WYHIPRU CEUC for 35 gold pieces
 32212 | Orc:2    | Bought the +0 mask of the Dragon {MR+ Slay+3 SInv} for 501 gold pieces
 32212 | Orc:2    | Bought a +2 pair of boots of stealth for 322 gold pieces
 32212 | Orc:2    | Found the +0 mask of the Dragon {MR+ Slay+3 SInv}
 32244 | Orc:2    | Bought a twisted shield for 332 gold pieces
 32257 | Orc:2    | Identified the +5 shield of the Many Spreadsheets {rElec MR- Dex+9} (You bought it in a shop on level 2 of the Orcish Mines)
 32378 | D:14     | Found Umanlul's General Store.
 32394 | D:14     | Reached skill level 1 in Shields
 32544 | D:14     | Noticed Louise
 32575 | D:14     | Killed Louise
 32939 | D:14     | Reached skill level 5 in Armour
 33362 | D:14     | Found a gate to the Vaults.
 33375 | D:14     | Reached skill level 5 in Shields
 33616 | D:14     | Noticed Frances
 33639 | D:14     | Killed Frances
 33767 | D:14     | Found an opulent altar of Gozag.
 33854 | D:15     | Entered Level 15 of the Dungeon
 34090 | D:15     | Reached XP level 15. HP: 145/145 MP: 18/18
 34280 | D:15     | Found a staircase to the Depths.
 34296 | D:15     | Reached skill level 10 in Long Blades
 34468 | D:15     | Found Piujiwev's Weapon Shoppe.
 35045 | Snake:1  | Entered Level 1 of the Snake Pit
 35245 | Snake:1  | Found Koinn's Jewellery Emporium.
 35248 | Snake:1  | Found Teaclur's Gadget Shop.
 35249 | Snake:1  | Found Ixtaubra's Jewellery Emporium.
 35274 | Snake:1  | Bought an uncursed ring of protection from magic for 425 gold pieces
 36177 | Snake:2  | Noticed Donald
 36191 | Snake:2  | Killed Donald
 36446 | Snake:2  | Found a snail-covered altar of Cheibriados.
 36909 | Snake:3  | Noticed a nagaraja
 36933 | Snake:3  | Killed a nagaraja
 36943 | Snake:3  | Found Ixyr's Gadget Shop.
 37174 | Snake:3  | Reached skill level 10 in Shields
 37353 | Snake:3  | Found Suxaq's Distillery.
 37368 | Snake:3  | Reached XP level 16. HP: 154/154 MP: 16/19
 37384 | Snake:3  | Bought a potion of haste for 100 gold pieces
 37395 | Snake:3  | Reached ****** piety under Makhleb
 37866 | Snake:4  | Entered Level 4 of the Snake Pit
 37873 | Snake:4  | Got a heavily runed scale mail
 37927 | Snake:4  | Found a frozen archway.
 37940 | Snake:4  | Identified the cursed +0 scale mail of Hedging {Dex+3} (You found it on level 4 of the Snake Pit)
 37976 | IceCv    | Entered an ice cave
 37999 | IceCv    | Found the amulet of the Air {Inacc +Fly rElec EV+5 RMsl}
 38000 | IceCv    | HP: 5/155 [six-headed hydra simulacrum (10)]
 38005 | IceCv    | Slain by a six-headed hydra simulacrum

Vault maps used:
D:1:      dpeg_arrival_boxorama, minmay_statues_item, minmay_misc_feat_x
D:2:      serial_glass, glass_columns_b, glass_columns_a, nrook_uturn,
          trog_three_pillars_becter
D:3:      first_ration
D:5:      nicolae_temple_entry_ecumenical, corexii_leaking_fountain,
          serial_bayou_pond_a
D:6:      uniq_duvessa
D:7:      kb_forest_paths, basic_altar
D:8:      lemuel_doored_altar
D:9:      hangedman_fish_farm, uniq_erica
D:10:     lair_entry_dummy, nicolae_wwwww, fedhas_altar_1, uniq_joseph
D:11:     elyvilon_altar_4
D:12:     orc_david_3, basic_altar
D:13:     enter_trove_0
D:14:     grunt_vaults_entry_fortified, hangedman_decor_slide_cut, serial_shops,
          nicolae_shop_stone, nicolae_gozag_cash_rules_everything_around_me,
          uniq_louise, uniq_frances
D:15:     gammafunk_depths_entry_grave, hangedman_decor_diamond_cutter,
          serial_shops, shop
Temple:   compressed_dpeg_triangle_lava_temple
Lair:1:   grunt_megastairs_5
Lair:3:   shoals_dummy_entry
Lair:4:   onia_ninara_swampy_vault, dummy_snake_entry, lemuel_fruit_fields,
          uniq_nergalle
Lair:5:   minmay_slime_entry_oklob_enclosed, grunt_forest_large_clearing_hut
Lair:6:   grunt_lair_end_beastmaster, minmay_lair_oklob_chamber,
          serial_bayou_shore_b, serial_bayou_shore_a
Snake:1:  minmay_shop_grove, grunt_megastairs_3
Snake:2:  basic_altar, special_room, uniq_donald
Snake:3:  serial_shops, nicolae_shop_stone, shop, grunt_ministairs_15
Snake:4:  minmay_snake_end_coiled, portal_ice_cave_entry_pillars_four,
          library_closet, uniq_jorgrun
Orc:2:    grunt_orc_tribal_feast, lab_entry_generic
Lab:      labyrinth_hidden_loot, nicolae_lab_stuck
IceCv:    ice_cave_caverns_02

Skill      XL: |  1  2  3  4  5  6  7  8  9 10 11 12 13 14 15 |
---------------+----------------------------------------------+-----
Spellcasting   | 2 3 4 5 |  5.1
Dodging        | 3 4 5 6 8 9 11 12 13 | 13.3
Necromancy     | 5 6 7 |  7.0
Maces & Flails | 1 2 4 |  4.7
Fighting       | 1 2 4 5 7 8 9 11 12 13 | 13.2
Axes           | 4 6 7 |  7.7
Stealth        | 5 |  5.5
Invocations    | 1 6 8 11 12 13 | 13.0
Long Blades    | 2 6 8 9 11 | 11.2
Armour         | 1 5 8 |  8.6
Shields        | 5 10 | 10.6

Action                   |  1- 3 |  4- 6 |  7- 9 | 10-12 | 13-15 | 16-18 || total
-------------------------+-------+-------+-------+-------+-------+-------++-------
Melee: Spear             |    17 |       |       |       |       |       ||    17
       Short sword       |    28 |       |       |       |       |       ||    28
       Mace              |       |    55 |   113 |       |       |       ||   168
       Dire flail        |       |       |    47 |    94 |       |       ||   141
       Battleaxe         |       |       |   119 |   198 |       |       ||   317
       Falchion          |       |       |       |   205 |  1628 |   110 ||  1943
       Morningstar       |       |       |       |       |    22 |       ||    22
       Eveningstar       |       |       |       |       |       |     5 ||     5
Throw: Tomahawk          |       |       |     8 |       |       |       ||     8
       Throwing net      |       |       |     2 |       |       |       ||     2
 Cast: Pain              |    55 |    66 |    77 |    75 |    26 |       ||   299
       Animate Skeleton  |     6 |     6 |     3 |     1 |     1 |       ||    17
       Vampiric Draining |    10 |    23 |    84 |   184 |   131 |     2 ||   434
       Animate Dead      |       |     4 |    13 |    30 |    64 |     3 ||   114
Invok: Lesser Servant of |       |       |       |    10 |    26 |     3 ||    39
       Minor Destruction |       |       |       |     1 |       |       ||     1
       Major Destruction |       |       |       |       |     2 |       ||     2
 Abil: Heal Wounds       |       |       |     5 |     4 |    17 |     5 ||    31
Evoke: Wand              |       |       |       |     1 |     2 |       ||     3
  Use: Scroll            |     3 |    11 |     2 |    15 |    12 |     1 ||    44
       Potion            |       |       |     3 |     1 |     5 |     1 ||    10
 Stab: Sleeping          |       |     1 |       |     1 |    20 |     2 ||    24
       Distracted        |       |       |       |     5 |    18 |     1 ||    24
       Petrified         |       |       |       |       |     4 |       ||     4
  Eat: Chunk             |     5 |    11 |    12 |    25 |    27 |     1 ||    81
       Ration            |       |     1 |     8 |    11 |    14 |     1 ||    35
Armor: Robe              |     8 |    19 |    15 |       |       |       ||    42
       Leather armour    |       |       |    66 |   135 |       |       ||   201
       Swamp dragon scal |       |       |       |    90 |   349 |    13 ||   452
       Scale mail        |       |       |       |       |       |    16 ||    16
Dodge: Dodged            |    42 |    74 |   340 |   833 |  1356 |   116 ||  2761
       Deflected         |       |       |       |       |    48 |     7 ||    55
Block: Shield            |       |       |       |       |   775 |   139 ||   914
       Rpst.: Falchion   |       |       |       |    94 |   355 |    10 ||   459

Table legend:
 A = Spawn XP
 B = Non-spawn XP
 C = Spawn XP percentage of total XP
 D = Spawn monster count
 E = Non-spawn monster count
 F = Spawn count percentage of total count
 G = Total turns spent on level
                    A         B        C        D         E        F      G
               +---------+---------+-------+---------+---------+-------+---------
         Total |       0 |  163487 |   0.0 |       0 |     785 |   0.0 | 38005
               +---------+---------+-------+---------+---------+-------+---------
           D:1 |       0 |      43 |   0.0 |       0 |      25 |   0.0 |   974
           D:2 |       0 |      60 |   0.0 |       0 |      23 |   0.0 |  1073
           D:3 |       0 |      81 |   0.0 |       0 |      24 |   0.0 |  1366
           D:4 |       0 |     198 |   0.0 |       0 |      14 |   0.0 |  1415
           D:5 |       0 |     102 |   0.0 |       0 |       4 |   0.0 |   812
           D:6 |       0 |     822 |   0.0 |       0 |      18 |   0.0 |  1940
           D:7 |       0 |     934 |   0.0 |       0 |      19 |   0.0 |  1667
           D:8 |       0 |     849 |   0.0 |       0 |      24 |   0.0 |  1226
           D:9 |       0 |    3299 |   0.0 |       0 |      34 |   0.0 |  2070
          D:10 |       0 |    5456 |   0.0 |       0 |      28 |   0.0 |  1481
          D:11 |       0 |    3895 |   0.0 |       0 |      25 |   0.0 |  1595
          D:12 |       0 |    6928 |   0.0 |       0 |      56 |   0.0 |  1585
          D:13 |       0 |   10315 |   0.0 |       0 |      46 |   0.0 |  1481
          D:14 |       0 |   17805 |   0.0 |       0 |      48 |   0.0 |  1470
          D:15 |       0 |   13224 |   0.0 |       0 |      34 |   0.0 |   979
        Lair:1 |       0 |    2615 |   0.0 |       0 |      13 |   0.0 |  1211
        Lair:2 |       0 |    2752 |   0.0 |       0 |      20 |   0.0 |  1060
        Lair:3 |       0 |    2311 |   0.0 |       0 |      11 |   0.0 |  1102
        Lair:4 |       0 |    9567 |   0.0 |       0 |      30 |   0.0 |  2834
        Lair:5 |       0 |    5602 |   0.0 |       0 |      24 |   0.0 |  1696
        Lair:6 |       0 |   15953 |   0.0 |       0 |      64 |   0.0 |  2164
       Snake:1 |       0 |   13080 |   0.0 |       0 |      32 |   0.0 |  1102
       Snake:2 |       0 |   12978 |   0.0 |       0 |      29 |   0.0 |   746
       Snake:3 |       0 |   21045 |   0.0 |       0 |      42 |   0.0 |   973
       Snake:4 |       0 |    2873 |   0.0 |       0 |       8 |   0.0 |   110
         Orc:1 |       0 |    1608 |   0.0 |       0 |      27 |   0.0 |   837
         Orc:2 |       0 |    7633 |   0.0 |       0 |      56 |   0.0 |  1210
           Lab |       0 |    1254 |   0.0 |       0 |       1 |   0.0 |  1729
         IceCv |       0 |     205 |   0.0 |       0 |       6 |   0.0 |    29
               +---------+---------+-------+---------+---------+-------+---------
